AoeStats
← ITVE | Jose.Antonio.Paez

Arena

509677500Analyzed
1v1 RM · 4d ago on Sep 27, 2026· 39m 58s· 2 players
Game mode
Random Map
Map size
Tiny (2 player)
Population
200
Speed
Normal
Resources
Standard
Victory
Conquest
Starting age
Dark Age
Ending age
Imperial Age
RankedLock teamsTeams togetherTeam positionsShared explorationLock speedFull tech treeHidden civsTurbo modeCheats
Victory
Defeat
🇪🇸 Franks · Spain
1112
+16
🇺🇸 Romans · United States
1122
-16
Coronerix
10:28 Feudal Age
14:50 Castle Age
13:18 Double-Bit Axe
16:51 Loom
18:36 Scale Barding Armor
20:52 Husbandry
22:35 Forging
25:20 Bow Saw
27:53 Wheelbarrow
31:35 Imperial Age
29:26 Gold Mining
29:56 Husbandry
30:18 Chain Barding Armor
30:51 Gold Shaft Mining
30:08 Stone Mining
32:21 Iron Casting
32:01 Cavalier
33:17 Plate Barding Armor
32:46 Fletching
33:24 Paladin
34:39 Conscription
34:48 Conscription
35:27 Fletching
40:06 Scale Mail Armor
ITVE | Jose.Antonio.Paez
9:22 Feudal Age
12:58 Castle Age
12:36 Double-Bit Axe
15:09 Loom
23:27 Squires
24:45 Bow Saw
24:38 Horse Collar
26:31 Wheelbarrow
27:36 Pikeman
28:30 Heavy Plow
29:39 Scale Mail Armor
29:50 Forging
30:45 Fortified Wall
33:57 Chain Mail Armor
36:59 Imperial Age
35:09 Ballistics
36:29 Ballistas
39:02 Chemistry
38:08 Siege Engineers
39:28 Hand Cart
40:10 Masonry
Connection lost

Rejoining the realm…

Still unreachable

The connection could not be restored.

Session expired

The server has moved on; the page needs a fresh start.